 Dungeon Crawl Stone Soup version 0.32-a0-871-ge202e49faa (webtiles) character file.

Game seed: 352145181925468361

61 Griffin23 the Trooper (level 3, -1/33 HPs)
             Began as a Minotaur Fighter on Mar 30, 2024.
             Slain by an orc
             ... wielding a +0 mace
              (3 damage)
             ... on level 3 of the Dungeon.
             The game lasted 00:01:42 (2119 turns).

Griffin23 the Trooper (Minotaur Fighter)            Turns: 2119, Time: 00:01:43

Health: -1/33      AC:  7    Str: 22    XL:     3   Next: 83%
Magic:  2/2        EV:  8    Int:  5    God:
Gold:   127        SH:  4    Dex: 12    Spells: 2/2 levels left

rFire   . . .        a - +0 long sword
rCold   . . .        c - +0 buckler
rNeg    . . .        b - +0 scale mail
rPois   .            j - +0 hat of Vlad {rElec Dex+3}
rElec   +            (no cloak)
rCorr   .            (no gloves)
SInv    .            (no boots)
Will    .....        (no amulet) Stlth
                     (no ring)
HPRegen 0.25/turn    (no ring)
MPRegen 0.08/turn

%: no passive effects
@: mighty, lethally poisoned (-1 -> -10)
A: horns 2, retaliatory headbutt
a: no special abilities


You were on level 3 of the Dungeon.
You visited 1 branch of the dungeon, and saw 3 of its levels.

You collected 127 gold pieces.

Inventory:

Hand Weapons
 a - a +0 long sword (weapon)
Missiles
 p - 2 boomerangs (quivered)
Armour
 b - a +0 scale mail (worn)
 c - a +0 buckler (worn)
 j - the +0 hat of Vlad (worn) {rElec Dex+3}
   (You found it on level 2 of the Dungeon)

   Dex+3:     It affects your dexterity (+3).
   rElec:     It insulates you from electricity.
Jewellery
 g - a ring of positive energy
 h - a +5 ring of evasion
Scrolls
 f - a scroll of enchant armour {unknown}
 i - 3 scrolls of identify {unknown}
 l - a scroll of silence {unknown}
 m - a scroll of blinking {unknown}
 q - 4 scrolls of teleportation {unknown}
 r - a scroll of poison {unknown}
Potions
 e - a potion of lignification {unknown}
 k - a potion of mutation {unknown}
 n - a potion of ambrosia {unknown}
 o - 2 potions of curing {unknown}
 s - a potion of enlightenment {unknown}


   Skills:
 + Level 4.3 Fighting
 + Level 3.3 Long Blades
 + Level 4.2 Armour
 + Level 4.2 Shields


You had 2 spell levels left.
You didn't know any spells.
Your spell library was empty.

Dungeon Overview and Level Annotations

Branches:
Dungeon (3/15)

Altars:
Qazlal

Shops:
D:1 [


Innate Abilities, Weirdness & Mutations

You have a pair of horns on your head.
You reflexively headbutt those who attack you in melee.


Message History

The orc barely misses you. The orc hits you but does no damage. x2
You block the orc's attack.
You barely miss the orc.
The orc is heavily wounded.
The orc hits you with a +0 club. The orc hits you with a +0 mace.
You hit the orc but do no damage. You headbutt the orc, but do no damage.
The orc is heavily wounded.
The orc hits you with a +0 club. The orc hits you with a +0 mace.
Unknown command.
You are too injured to fight recklessly!
You are too injured to fight recklessly!
You are too injured to fight recklessly!
You are too injured to fight recklessly!
You barely miss the orc. The orc closely misses you.
You closely miss the orc. The orc barely misses you.
The orc hits you but does no damage.
You hit the orc.
The orc is heavily wounded.
The orc hits you with a +0 club.
You feel very mighty all of a sudden. You block the orc's attack.
You closely miss the orc.
The orc is heavily wounded.
The orc barely misses you.
You slash the orc!
You kill the orc!
You barely miss the orc. The orc hits you but does no damage.
You are lethally poisoned!
The orc hits you but does no damage.
You are more poisoned.
You slash the orc!
You kill the orc!
* * * LOW HITPOINT WARNING * * *
You feel very sick.
You barely miss the orc.
The orc is heavily wounded.
* * * LOW HITPOINT WARNING * * *
You feel very sick. The orc hits you with a +0 mace.
You die...

##
#################...##
####
#............@oo.....#
....
#.#############o......
.. .... #.# .......
#.##### #.# .......
#.# #.# #.....#
#.##### #.# #...##
#.##... #.# ####
#.##.## #.# ###.##.#
#.# #......#


You could see 3 orcs.

Vanquished Creatures
  A dart slug (D:2)
  2 orcs (D:3)
  5 endoplasms (D:1)
  2 giant cockroaches
  5 goblins
  5 hobgoblins
  6 jackals
  A quokka (D:2)
  6 ball pythons
  5 bats
  6 kobolds
  9 rats
53 creatures vanquished.

Notes
Turn   | Place    | Note
-------+----------+-------------------------------------------
     0 | D:1      | Griffin23 the Minotaur Fighter began the quest for the Orb.
     0 | D:1      | Reached XP level 1. HP: 19/19 MP: 0/0
   198 | D:1      | Reached XP level 2. HP: 27/27 MP: 1/1
   333 | D:1      | Found Zosa Hir's Antique Armour Shoppe.
   957 | D:2      | Reached XP level 3. HP: 33/33 MP: 2/2
  1040 | D:2      | Identified the +0 hat of Vlad {rElec Dex+3}
  1718 | D:3      | Found a faded altar of an unknown god.
  1943 | D:3      | Found a stormy altar of Qazlal.
  2119 | D:3      | Slain by an orc

Illustrated notes

Levels and vault maps discovered:
D:1:      lemuel_arrival_rhombus, layout_basic, serial_shops,
          nicolae_shop_tiny_statue_garden
D:2:      layout_basic
D:3:      layout_loops_ring, mainiacjoe_overflow_alcove_1,
          basic_ecumenical_altar

Skill      XL: |  1  2  3 |
---------------+----------+-----
Fighting       | 4 |  4.3
Shields        | 4 |  4.2
Armour         | 4 |  4.2
Long Blades    | 3 |  3.3

Action                     || total
---------------------------++-------
  Melee: Long sword        ||   113
         Headbutt          ||    21
    Use: Potion            ||     1
 Armour: Scale mail        ||   103
  Dodge: Dodged            ||    50
  Block: Buckler           ||    36

Table legend: (Time is in decaauts)
 A = Elapsed time spent in this place.
 B = Non-inter-level travel time spent in this place.
 C = Inter-level travel time spent in this place.
 D = Time resting spent in this place.
 E = Time spent auto-exploring this place.
 F = Levels seen in this place.
 G = Mean time per level.
                   A        B        C        D        E       F      G
               +--------+--------+--------+--------+--------+-----+--------+
         Total |   2149 |   2076 |     73 |      0 |   1746 |   3 |  716.3 |
       Dungeon |   2149 |   2076 |     73 |      0 |   1746 |   3 |  716.3 |
               +--------+--------+--------+--------+--------+-----+--------+

Top non-repeatable levels by time:
     D:1: 951 daAuts
     D:2: 732 daAuts
     D:3: 466 daAuts
